 Dungeon Crawl Stone Soup version 0.29.1-12-g30fa7ad0bf (webtiles) character file.

Game seed: 565107004978871292

4033 hawla the Arsonist (level 10, -10/109 HPs)
             Began as a Meteoran Fire Elementalist on Jan 10, 2023.
             Was an Initiate of Vehumet.
             Mangled by a death yak (19 damage)
             ... on level 8 of the Dungeon.
             The game lasted 00:16:33 (3949 turns).

hawla the Arsonist (Meteoran Fire Elementalist)     Turns: 3949, Time: 00:16:34

Health: -10/109    AC:  7    Str: 11    XL:     10   Next: 76%
Magic:  17/25      EV: 16    Int: 20    God:    Vehumet [......]
Gold:   29         SH:  0    Dex: 28    Spells: 16/29 levels left

rFire   . . .      SeeInvis .   x - +12 short sword of the Flying Fox {chaos, rPois Dex+7}
rCold   . . .      Faith    .   (no shield)
rNeg    . . .      Spirit   .   j - +0 steam dragon scales
rPois   +          Reflect  .   (no helmet)
rElec   .          Harm     .   f - +0 cloak
rCorr   .          Rampage  .   (no gloves)
Will    ++...                   c - +0 pair of boots
Stlth   ..........              i - amulet of magic regeneration
HPRegen 0.28/turn               d - +6 ring of dexterity
MPRegen 0.59/turn               r - ring of willpower

@: berserking, glowing, very quick
A: sense surroundings 2, otherworldly, glowing, explore regen
a: Renounce Religion


You were on level 8 of the Dungeon.
You worshipped Vehumet.
Vehumet was noncommittal.
You visited 2 branches of the dungeon, and saw 10 of its levels.

You collected 315 gold pieces.
You spent 286 gold pieces at shops.

Inventory:

Hand Weapons
 x - the +12 short sword of the Flying Fox (weapon) {chaos, rPois Dex+7}
   (You took it off a kobold brigand on level 5 of the Dungeon)

   Each time it hits an enemy it has a different, random effect.
   Dex:       It affects your dexterity (+7).
   rPois:     It protects you from poison.
Armour
 c - a +0 pair of boots (worn)
 f - a +0 cloak (worn)
 j - +0 steam dragon scales (worn)
Jewellery
 d - a +6 ring of dexterity (left hand)
 e - a ring of ice
 i - an amulet of magic regeneration (around neck)
 p - a ring of ice
 r - a ring of willpower (right hand)
Wands
 a - a wand of charming (9)
 l - a wand of digging (7)
 v - a wand of mindburst (7) (quivered)
 y - a wand of polymorph (3)
 A - a wand of flame (11)
Scrolls
 g - a scroll of enchant weapon
 h - a scroll of poison
 n - a scroll of magic mapping
Potions
 b - a potion of magic
 k - a potion of ambrosia
 t - 2 potions of degeneration {unknown}
 w - 2 potions of mutation {unknown}
 z - 2 potions of flight {unknown}
 D - a potion of attraction


   Skills:
 - Level 1.9 Fighting
 - Level 0.9 Short Blades
 - Level 4.2 Dodging
 - Level 1.4 Stealth
 - Level 10.3 Spellcasting
 + Level 8.6 Conjurations
 - Level 10.6 Fire Magic
 - Level 3.0 Evocations


You had 16 spell levels left.
You knew the following spells:

 Your Spells              Type           Power      Damage    Failure   Level
a - Foxfire               Conj/Fire      100%       2x1d9     1%          1
b - Scorch                Fire           100%       2d10      1%          2
c - Flame Wave            Conj/Fire      48%        2d12      1%          4
d - Starburst             Conj/Fire      24%        6d8       21%         6

Your spell library contained the following spells:

 Spells                   Type           Power      Damage    Failure   Level
 Conjure Flame            Conj/Fire      48%        6-21      1%          3
 Inner Flame              Hex/Fire       31%        N/A       2%          3
 Ensorcelled Hibernation  Hex/Ice        20%        N/A       11%         2
 Passwall                 Tmut/Erth      8%         N/A       11%         2
 Swiftness                Air            10%        N/A       21%         3


Dungeon Overview and Level Annotations

Branches:
Dungeon (9/15) Zot: 1455   Temple (1/1) D:7 Zot: 585
   Lair: D:8-11         Orc: D:9-12

Altars:
Ashenzari
Fedhas
Gozag
Hepliaklqana
Kikubaaqudgha
Makhleb
Nemelex Xobeh
Okawaru
Ru
Sif Muna
Vehumet
Xom
Yredelemnul

Shops:
D:7 *

Annotations:
D:7 1 runed translucent door, mortz's ghost, journeyman GrEE


Innate Abilities, Weirdness & Mutations

You passively map the area around you.
You are easily found by Zot.
You glow in the dark.
You regain HP and MP as you explore.


Message History

A death yak comes into view.
Your Conjurations skill increases to level 8!
A wave of flame ripples out!
The flame wave engulfs the quokka!
You kill the quokka!
Vehumet accepts your kill.
A river rat comes into view.
A wave of flame ripples out!
The flame wave engulfs the death yak.
The death yak is lightly wounded.
You finish channelling waves of flame.
A quokka comes into view.
A kobold comes into view. It is wielding a +0 short sword.
There is a stone staircase leading up here.
The death yak gores you!
You climb upwards.
There is a stone staircase leading down here.
Casting: Flame Wave (dangerous; 1% risk of failure)
Confirm with . or Enter, or press ? or * to list all spells.
Flames lash the death yak.
The death yak is lightly wounded.
The death yak's fire resistance burns away.
The death yak gores you.
Unknown command.
As you read the scroll labelled NOP BESHRAI, it crumbles to dust.
It is a scroll of amnesia.
Really abort (and waste the scroll)?
Okay, then.
The death yak gores you!
* * * LOW HITPOINT WARNING * * *
You feel better. The death yak gores you.
A red film seems to cover your vision as you go berserk!
You feel yourself moving faster!
You feel mighty! The death yak gores you!!
* * * LOW HITPOINT WARNING * * *
You impale the death yak!!
The death yak resists with almost no effort.
The death yak is moderately wounded.
The death yak is no longer more vulnerable to fire.
You puncture the death yak!
The death yak seems to speed up.
The death yak is heavily wounded.
The death yak gores you!!
You die...

#.# ######~≈~≈##.#######.# #.#
#.'≈~≈~'..# #.# ### #.#
#.#~≈~≈##########.# #.#####.#
#.#≈~≈≈#..........#
........######.########.###'####
........[......# #.###.#..?...#
..#####.###.#### #.##..#.~≈~~.#
### #.# #.#######.#...#.≈≈≈~.#
#.# #....Y@.....#.#.≈≈≈~.# #<#
########.##...#.~≈≈~.#
#######.#########.#.##.##.~≈≈~.#
#..).....##......###.#.##.~≈~≈.#
#.#####..##.#####.#.##.##.~≈≈~.#
#)# ##.#)##.# ##.###..#.~≈≈~.#
#.###.###.#.# #.# #.##.~≈≈~.#
#.##.## ##..# #.# #.##.≈≈≈~.#
#.###.###.#.# #.# #.##.~≈≈≈.#


You could see a death yak (fast).

Vanquished Creatures
  2 death yaks (D:9)
  2 steam dragons
  2 water moccasins
  Duvessa (D:4)
  2 orc warriors
  2 sky beasts (D:7)
  2 ice beasts
  2 ogres
  2 centaurs
  A phantom (D:5)
  A kobold brigand (D:5)
  A bullfrog (D:7)
  2 gnoll sergeants
  A scorpion (D:4)
  Dowan (D:4)
  An electric eel (D:8)
  3 howler monkeys (D:8)
  A crimson imp (D:6)
  6 hounds
  A jelly (D:7)
  An orc priest (D:5)
  A gnoll bouda (D:5)
  3 iguanas
  7 orc wizards
  A hell rat (D:9)
  4 adders
  16 gnolls
  A shadow imp (D:7)
  A white imp (D:6)
  4 ufetubi
  21 orcs
  2 endoplasms (D:4)
  2 goblins (D:2)
  A hobgoblin (D:4)
  3 jackals (D:4)
  11 kobolds
  3 quokkas
  2 ball pythons
  A bat (D:3)
  2 frilled lizards (D:1)
  2 rats
125 creatures vanquished.

Vanquished Creatures (collateral kills)
  An iguana (D:7)
1 creature vanquished.

Vanquished Creatures (others)
  188 foxfires
  19 plants (D:5)
207 creatures vanquished.

Grand Total: 333 creatures vanquished

Notes
Turn   | Place    | Note
-------+----------+-------------------------------------------
     0 | D:1      | hawla the Meteoran Fire Elementalist began the quest for
                  | the Orb.
     0 | D:1      | Reached XP level 1. HP: 14/14 MP: 5/5
   111 | D:2      | Reached XP level 2. HP: 20/20 MP: 6/6
   114 | D:2      | Learned a level 2 spell: Scorch
   277 | D:4      | Reached XP level 3. HP: 26/26 MP: 5/8
   296 | D:4      | Reached skill level 5 in Fire Magic
   296 | D:4      | Reached XP level 4. HP: 33/33 MP: 6/9
   304 | D:4      | Learned a level 4 spell: Flame Wave
   330 | D:4      | Reached XP level 5. HP: 36/38 MP: 3/11
   603 | D:4      | Reached skill level 5 in Conjurations
   603 | D:4      | Reached XP level 6. HP: 38/45 MP: 6/12
   710 | D:4      | Noticed Dowan
   711 | D:4      | Noticed Duvessa
   720 | D:4      | Killed Duvessa
   721 | D:4      | Reached XP level 7. HP: 35/50 MP: 7/14
   721 | D:4      | Killed Dowan
  1029 | D:5      | Entered Level 5 of the Dungeon
  1029 | D:5      | Found an iron altar of Okawaru.
  1033 | D:5      | Noticed a water moccasin
  1043 | D:4      | Killed a water moccasin
  1044 | D:4      | Reached skill level 5 in Spellcasting
  1102 | D:5      | Reached XP level 8. HP: 57/57 MP: 10/16
  1204 | D:5      | Found a large runed translucent door.
  1204 | D:5      | Found a large runed translucent door.
  1250 | D:5      | Identified the +12 short sword of the Flying Fox {chaos,
                  | rPois Dex+7}
  1361 | D:5      | Found a shimmering altar of Xom.
  1644 | D:6      | Found a sacrificial altar of Ru.
  1644 | D:6      | Found an opulent altar of Gozag.
  1644 | D:6      | Found a basalt altar of Yredelemnul.
  1648 | D:6      | Gained mutation: You passively map the area around you.
                  | [Meteoran growth]
  1648 | D:6      | Reached XP level 9. HP: 10/63 MP: 14/20
  2565 | D:7      | Found a runed translucent door.
  2565 | D:7      | Noticed mortz's ghost (journeyman GrEE)
  2584 | D:7      | Reached skill level 1 in Fighting
  2590 | D:7      | Found a staircase to the Ecumenical Temple.
  2661 | D:7      | Found Pezey's Fire Supplies.
  2937 | Temple   | Entered the Ecumenical Temple
  2943 | Temple   | Became a worshipper of Vehumet
  3008 | D:8      | HP: 3/67 [something (6)]
  3009 | D:8      | Reached XP level 10. HP: 4/73 MP: 18/23
  3484 | D:8      | Reached skill level 10 in Fire Magic
  3776 | D:7      | Bought Icaoluc's Papyrus of Pyromania for 286 gold pieces
  3783 | D:7      | Learned a level 6 spell: Starburst
  3814 | D:9      | Noticed a death yak
  3834 | D:9      | Killed a death yak
  3835 | D:9      | Reached skill level 10 in Spellcasting
  3911 | D:9      | Noticed a death yak
  3937 | D:9      | Killed a death yak
  3937 | D:9      | Noticed a death yak
  3949 | D:8      | Mangled by a death yak

Illustrated notes

Levels and vault maps discovered:
D:1:      co_arrival_square_in_a_square_in_a_square, layout_basic,
          hellmonk_ecumenical_altar_lost_god, dk_noncrumbling_4
D:2:      minmay_evil_eye, layout_basic
D:3:      layout_loops_corners, uniq_natasha
D:4:      layout_basic, minmay_misc_feat_diagonals, uniq_duvessa
D:5:      due_chaos_kobolds, layout_cave_pools, mainiacjoe_overflow_chevrons
D:6:      layout_basic, gammafunk_temple_overflow_forgotten,
          minmay_fire_ice_demons
D:7:      layout_cave_pools, minmay_temple_entry_junction,
          ebering_ghost_inner_flame, nicolae_shop_fire_sale
          [nicolae_sub_dead_trees], grunt_ministairs_1,
          hangedman_decor_opposing, minmay_misc_feat_columns,
          chequers_mini_garden
D:8:      layout_loops_ring, nrook_pool_corridor, corexii_checkpoint_b,
          chequers_serial_rivers_room_b
D:9:      layout_basic, dpeg_lair_monsters, serial_shops, shop,
          nicolae_stop_n_shop_2, kennysheep_cross_room, minmay_diamond_spiral,
          uniq_maggie
Temple:   eino_narrow_crystal_temple

Skill      XL: |  1  2  3  4  5  6  7  8  9 10 |
---------------+-------------------------------+-----
Fire Magic     | 4 5 6 7 9 10 | 10.6
Spellcasting   | 3 4 5 6 8 10 | 10.3
Conjurations   | 2 5 6 8 |  8.6
Dodging        | 3 4 |  4.2
Evocations     | 3 |  3.0
Fighting       | 1 |  1.9
Short Blades   | |  0.9
Stealth        | |  1.4

Action                   |  1- 3 |  4- 6 |  7- 9 | 10-12 || total
-------------------------+-------+-------+-------+-------++-------
Melee: Unarmed           |     6 |     1 |       |       ||     7
       Short sword       |       |       |    40 |     2 ||    42
       Punch             |       |       |     3 |       ||     3
 Cast: Foxfire           |    15 |    26 |    43 |    28 ||   112
       Scorch            |     2 |    15 |    39 |    31 ||    87
       Flame Wave        |       |     2 |     9 |     5 ||    16
  Use: Scroll            |       |       |    12 |     5 ||    17
       Potion            |       |       |     1 |     2 ||     3
Armor: Robe              |     6 |     5 |    11 |       ||    22
       Steam dragon scal |       |       |       |     4 ||     4
Dodge: Dodged            |     6 |     9 |    51 |    10 ||    76
